 Dungeon Crawl Stone Soup version 0.28.0-49-g6dfe1f597d (webtiles) character file.

Game seed: 16644695066901214660

1028 L33tCrusader the Skirmisher (level 8, 0/67 HPs)
             Began as a Ghoul Gladiator on May 13, 2022.
             Slain by a komodo dragon (6 damage)
             ... on level 6 of the Dungeon.
             The game lasted 00:15:07 (5541 turns).

L33tCrusader the Skirmisher (Ghoul Gladiator)       Turns: 5541, Time: 00:15:07

Health: 0/67       AC: 12    Str: 20    XL:     8   Next: 23%
Magic:  7/7        EV:  8    Int:  3    God:
Gold:   270        SH:  0    Dex: 10    Spells: 7/7 levels left

rFire   . . .      SeeInvis .   s - +1 rapier (vamp)
rCold   + . .      Faith    .   (no shield)
rNeg    + + +      Spirit   .   i - +0 chain mail
rPois   ∞          Reflect  .   b - +0 helmet
rElec   .          Harm     .   (no cloak)
rCorr   .          Rampage  .   j - +1 pair of gloves
Will    .....                   (no boots)
Stlth   ..........              (no amulet)
HPRegen 0.00/turn               (no ring)
MPRegen 0.10/turn               (no ring)

@: inhibited regen
A: claws 1, cold resistance 1, negative energy resistance 3, inhibited
regeneration, torment resistance 2
a: no special abilities


You were on level 6 of the Dungeon.
You visited 1 branch of the dungeon, and saw 6 of its levels.

You collected 270 gold pieces.

Inventory:

Hand Weapons
 s - a +1 vampiric rapier (weapon)
Missiles
 c - 3 throwing nets (quivered)
 o - 59 sling bullets
Armour
 b - a +0 helmet (worn)
 i - a +0 chain mail (worn)
 j - a +1 pair of gloves (worn)
 m - a scarf of repulsion
Wands
 g - a wand of charming (4)
Scrolls
 a - a scroll of teleportation
 d - a scroll of magic mapping
 p - 3 scrolls of immolation
Potions
 e - 2 potions of ambrosia
 f - 2 potions of curing {unknown}
 h - a potion of cancellation {unknown}
 k - 2 potions of might {unknown}
 l - 2 potions of heal wounds {unknown}
 n - a potion of haste {unknown}
 q - a potion of invisibility {unknown}


   Skills:
 + Level 4.9 Fighting
 - Level 2.4(3.2) Short Blades
 * Level 3.1(3.6) Long Blades
 - Level 1.9 Maces & Flails
 + Level 2.1(2.6) Slings
 - Level 2.2(2.6) Throwing
 + Level 3.1 Armour
 + Level 4.4 Dodging
 - Level 3.5 Unarmed Combat


You had 7 spell levels left.
You didn't know any spells.
Your spell library contained the following spells:

 Spells                   Type           Power      Damage    Failure   Level
 Pain                     Necr           0%         1d4       100%        1
 Static Discharge         Conj/Air       0%         N/A       100%        2
 Ignite Poison            Fire/Tmut/Pois 0%         N/A       100%        3
 Dispel Undead            Necr           0%         3d6       100%        4
 Sticky Flame             Conj/Fire      0%         2d3       100%        4
 Agony                    Necr           0%         N/A       100%        5
 Excruciating Wounds      Necr           0%         N/A       100%        5
 Summon Forest            Summ/Tloc      0%         N/A       100%        5
 Eringya's Noxious Bog    Tmut/Pois      0%         N/A       100%        6
 Summon Hydra             Summ           0%         N/A       100%        7
 Infestation              Necr           0%         N/A       100%        8
 Storm Form               Tmut/Air       Unusable   N/A       N/A         7

Dungeon Overview and Level Annotations

Branches:
Dungeon (6/15)
 Temple: D:4-7

Altars:
Sif Muna


Innate Abilities, Weirdness & Mutations

You thrive by killing the living.
You are immune to poison.
You have sharp fingernails.
Your flesh is cold resistant. (rC+)
You are immune to negative energy. (rN+++)
You do not regenerate when monsters are visible.
You are immune to unholy pain and torment.


Message History

You hit the ice beast.
The ice beast is almost dead.
The ice beast hits you. The ice beast freezes you. You resist.
You completely miss the ice beast.
The ice beast is almost dead.
The ice beast hits you but does no damage.
You closely miss the ice beast.
The ice beast is almost dead.
The ice beast hits you but does no damage.
You hit the ice beast.
The ice beast is almost dead.
The ice beast hits you but does no damage.
The komodo dragon bites you!
You closely miss the ice beast.
The ice beast is almost dead.
The ice beast hits you but does no damage.
The komodo dragon bites you!!
You puncture the ice beast!
You kill the ice beast!
You feel better. The komodo dragon barely misses you.
Your Long Blades skill increases to level 3!
Your Slings skill increases to level 2!
You puncture the komodo dragon! You punch the komodo dragon.
The komodo dragon is moderately wounded.
The komodo dragon barely misses you.
You hit the komodo dragon but do no damage.
The komodo dragon is moderately wounded.
The komodo dragon bites you!!
* * * LOW HITPOINT WARNING * * *
You puncture the komodo dragon!
You feel better.
The komodo dragon is heavily wounded.
The komodo dragon bites you but does no damage.
You closely miss the komodo dragon.
The komodo dragon is moderately wounded.
The komodo dragon bites you!
* * * LOW HITPOINT WARNING * * *
You hit the komodo dragon.
You feel better.
The komodo dragon is heavily wounded.
The komodo dragon bites you.
You die...

#... #.......#...
#####..###...........
.......##..........^.
......#.............
#..................
###.............##
#.......#########
##..##...## ##.
##@.####...## ##..
#..###l.##
##...####..#
#.......# ##...##..##
##......# ###..>...##
#......# #.......##
)........ .....###..#
............### #..#
........... #..#
.........# #..#


You could see a komodo dragon.

Vanquished Creatures
  A water moccasin (D:5)
  An ice beast (D:6)
  A phantom (D:5)
  Blork the orc (D:4)
  2 scorpions (D:5)
  A howler monkey (D:5)
  A centaur zombie (D:6)
  A jelly (D:5)
  3 hounds
  A bullfrog skeleton (D:6)
  An iguana (D:6)
  Natasha (thrice) (D:4)
  A hound skeleton (D:4)
  7 gnolls (D:4)
  6 adders
  An ufetubus (D:4)
  An adder skeleton (D:4)
  2 worms (D:2)
  2 dart slugs
  9 orcs
  7 bats
  7 endoplasms
  4 giant cockroaches
  3 goblins
  6 hobgoblins
  7 jackals
  7 ball pythons
  3 frilled lizards
  4 kobolds
  7 rats
101 creatures vanquished.

Notes
Turn   | Place    | Note
-------+----------+-------------------------------------------
     0 | D:1      | L33tCrusader the Ghoul Gladiator began the quest for the
                  | Orb.
     0 | D:1      | Reached XP level 1. HP: 17/17 MP: 0/0
   190 | D:1      | Found a faded altar of an unknown god.
   196 | D:1      | Reached XP level 2. HP: 25/25 MP: 1/1
   884 | D:2      | Reached XP level 3. HP: 27/30 MP: 2/2
  1079 | D:2      | Found a shimmering blue altar of Sif Muna.
  1122 | D:2      | Reached skill level 1 in Short Blades
  1319 | D:2      | Reached XP level 4. HP: 37/37 MP: 3/3
  2570 | D:4      | Reached skill level 1 in Armour
  2584 | D:4      | Reached XP level 5. HP: 44/45 MP: 4/4
  3043 | D:4      | Noticed Natasha
  3072 | D:4      | Killed Natasha
  3094 | D:4      | Noticed Natasha
  3106 | D:4      | Killed Natasha
  3107 | D:4      | Reached skill level 1 in Maces & Flails
  3107 | D:4      | Reached XP level 6. HP: 8/51 MP: 5/5
  3727 | D:4      | Noticed Blork the orc
  3739 | D:4      | Killed Blork the orc
  3910 | D:4      | Noticed Natasha
  3918 | D:4      | Killed Natasha
  3977 | D:5      | Entered Level 5 of the Dungeon
  3987 | D:5      | Reached skill level 1 in Long Blades
  3988 | D:5      | Reached XP level 7. HP: 49/59 MP: 6/6
  4053 | D:5      | Reached skill level 1 in Slings
  4791 | D:5      | Reached XP level 8. HP: 59/67 MP: 7/7
  4849 | D:5      | Got the Grimoire of Changing and Unholy Arts
  5412 | D:6      | Noticed a cyan ugly thing
  5412 | D:6      | Noticed a two-headed ogre
  5526 | D:6      | Noticed a komodo dragon
  5540 | D:6      | HP: 3/67 [komodo dragon (12)]
  5541 | D:6      | Slain by a komodo dragon

Illustrated notes

Levels and vault maps discovered:
D:1:      dpeg_arrival_lava_temple_mockup, layout_basic,
          chequers_ecumenical_altar_island
D:2:      layout_rooms, basic_altar, nicolae_figureground_sparkle
D:3:      layout_basic, kennysheep_generic_room_12
D:4:      layout_rooms, minmay_distorted, uniq_blork_the_orc, uniq_natasha
D:5:      layout_cave_pods
D:6:      layout_layer_cave, minmay_manual_monstrance

Skill      XL: |  1  2  3  4  5  6  7  8 |
---------------+-------------------------+-----
Throwing       | 2 |  2.2
Dodging        | 3 4 |  4.4
Short Blades   | 1 2 |  2.4
Fighting       | 3 4 |  4.9
Armour         | 1 2 3 |  3.1
Maces & Flails | 1 |  1.9
Long Blades    | 1 2 3 |  3.1
Slings         | 1 2 |  2.1
Unarmed Combat | |  3.5

Action                   |  1- 3 |  4- 6 |  7- 9 || total
-------------------------+-------+-------+-------++-------
Melee: Dagger            |    47 |       |       ||    47
       Short sword       |    81 |   139 |       ||   220
       Punch             |     3 |    12 |     2 ||    17
       Flail             |       |    65 |       ||    65
       Rapier            |       |    13 |   128 ||   141
  Use: Scroll            |     3 |     1 |     3 ||     7
Armor: Leather armour    |    20 |       |       ||    20
       Chain mail        |    85 |   139 |    88 ||   312
Dodge: Dodged            |    89 |   111 |    54 ||   254
